 Dungeon Crawl Stone Soup version 0.30.2 (webtiles) character file.

Game seed: 11075407429942244017

46 porpoise the Poker (level 3, 0/28 HPs)
             Began as a Demonspawn Gladiator on Apr 14, 2024.
             Succumbed to an adder's poison
             ... on level 3 of the Dungeon.
             The game lasted 00:02:52 (1530 turns).

porpoise the Poker (Demonspawn Gladiator)           Turns: 1530, Time: 00:02:52

Health: 0/28       AC:  5    Str: 16    XL:     3   Next: 44%
Magic:  3/3        EV: 12    Int:  9    God:
Gold:   75         SH:  0    Dex: 14    Spells: 2/2 levels left

rFire   . . .        a - +0 trident
rCold   . . .        (no shield)
rNeg    . . .        b - +0 leather armour
rPois   .            c - +0 helmet
rElec   .            (no cloak)
rCorr   .            l - +0 pair of gloves
SInv    .            (no boots)
Will    .....        (no amulet)
Stlth   +            (no ring)
HPRegen 0.24/turn    (no ring)
MPRegen 0.16/turn

%: no passive effects
@: lethally poisoned (0 -> -2)
A: magic regeneration
a: no special abilities


You were on level 3 of the Dungeon.
You visited 1 branch of the dungeon, and saw 3 of its levels.

You collected 75 gold pieces.

Inventory:

Hand Weapons
 a - a +0 trident (weapon)
 o - a +0 dagger of venom
Missiles
 d - 3 throwing nets (quivered)
 e - 4 javelins
Armour
 b - a +0 leather armour (worn)
 c - a +0 helmet (worn)
 l - a +0 pair of gloves (worn)
Jewellery
 h - a +6 ring of dexterity
Wands
 s - a wand of charming (12)
Scrolls
 g - a scroll of amnesia {unknown}
 i - 2 scrolls of immolation {unknown}
 m - a scroll of enchant weapon {unknown}
 n - a scroll of magic mapping {unknown}
 p - a scroll of fog {unknown}
 r - a scroll of fear {unknown}
 t - a scroll of identify {unknown}
Potions
 f - 2 potions of might {unknown}
 j - 2 potions of lignification {unknown}
 k - a potion of curing {unknown}
 q - a potion of mutation {unknown}


   Skills:
 + Level 2.7 Fighting
 * Level 3.7 Polearms
 - Level 1.7 Throwing
 - Level 2.6 Dodging


You had 2 spell levels left.
You didn't know any spells.
Your spell library was empty.

Dungeon Overview and Level Annotations

Branches:
Dungeon (3/15)

Altars:

Shops:
D:2 *

Annotations:
D:3 3 runed translucent doors, sigtrap's ghost, amateur FeMo


Innate Abilities, Weirdness & Mutations

You regenerate magic rapidly.


Message History

Press: ? - help, Dir - move target, f - adder
Aim: an adder (about 60% to evade your +0 trident)
Okay, then.
Unknown command.
The adder attacks as you move away! The adder bites you but does no damage.
You feel sick.
You feel sick.
You are too injured to fight recklessly!
You are too injured to fight recklessly!
You closely miss the adder.
You feel sick.
The adder bites you but does no damage. x2
You closely miss the adder.
You feel sick. The adder closely misses you.
You closely miss the adder.
You feel sick.
The adder bites you but does no damage. x2
You hit the adder.
The adder is moderately wounded.
You feel sick.
You are no longer poisoned.
The adder barely misses you.
You hit the adder.
The adder is heavily wounded.
The adder bites you.
* * * LOW HITPOINT WARNING * * *
You are poisoned.
The adder poisons you! The adder barely misses you.
You puncture the adder!
You kill the adder!
* * * LOW HITPOINT WARNING * * *
You feel sick.
You closely miss the orc.
The orc is heavily wounded.
You feel sick. The orc closely misses you. The orc hits you with a +0 falchion.
* * * LOW HITPOINT WARNING * * *
You hit the orc.
The orc is almost dead.
* * * LOW HITPOINT WARNING * * *
You feel sick. The orc closely misses you.
You closely miss the orc.
The orc is almost dead.
You die...

##### .. S. #.
#.## ##. ...#
#.###...#
#w.#....###
#o#.w.....#
#@#######.# #.#
#†# ###########.#
## #...........#
.#####.###########
..........#
.......##.#
.......##.#


You could see a worm and an orc.

Vanquished Creatures
  2 adders
  3 ball pythons
  2 bats (D:1)
  2 endoplasms (D:2)
  A giant cockroach (D:2)
  A goblin (D:2)
  5 hobgoblins
  3 jackals (D:1)
  2 frilled lizards
  2 kobolds
  3 rats
26 creatures vanquished.

Vanquished Creatures (others)
  A goblin (D:2)
  A hobgoblin (D:2)
2 creatures vanquished.

Grand Total: 28 creatures vanquished

Notes
Turn   | Place    | Note
-------+----------+-------------------------------------------
     0 | D:1      | porpoise the Demonspawn Gladiator began the quest for the
                  | Orb.
     0 | D:1      | Reached XP level 1. HP: 16/16 MP: 1/1
   342 | D:1      | Reached skill level 3 in Polearms
   343 | D:1      | Gained mutation: You regenerate magic rapidly. [demonic
                  | ancestry]
   343 | D:1      | Reached XP level 2. HP: 22/22 MP: 2/2
   658 | D:2      | Found Qeliw's General Store.
  1121 | D:2      | Reached XP level 3. HP: 28/28 MP: 3/3
  1367 | D:3      | Found a runed translucent gate.
  1368 | D:3      | Found a runed translucent gate.
  1377 | D:3      | Found a runed translucent gate.
  1377 | D:3      | Noticed sigtrap's ghost (amateur FeMo)
  1529 | D:3      | HP: 1/28 [poisoned by an adder]
  1530 | D:3      | Succumbed to an adder's poison

Illustrated notes

Levels and vault maps discovered:
D:1:      psy_arrival_terrarium, layout_basic, kennysheep_boxes
D:2:      layout_basic, serial_shops, nicolae_shop_tiny_waterfront,
          lemuel_flame_loot_1
D:3:      layout_loops_ring, mainiacjoe_overflow_alcove_1, gammafunk_ghost_split

Skill      XL: |  1 |
---------------+----+-----
Polearms       | 3 |  3.7
Fighting       | |  2.7
Throwing       | |  1.7
Dodging        | |  2.6

Action                     || total
---------------------------++-------
  Melee: Trident           ||    86
 Armour: Leather armour    ||    26
  Dodge: Dodged            ||    37
